 Dungeon Crawl Stone Soup version 0.25.0-9-g26727b657a (webtiles) character file.

Game seed: 3081447931145688997

97 dorian the Insei (level 4, -2/28 HPs)
             Began as an Octopode Transmuter on June 19, 2020.
             Killed by divine providence
             ... invoked by an orc priest
              (8 damage)
             ... on level 2 of the Dungeon.
             The game lasted 00:02:37 (1731 turns).

dorian the Insei (Octopode Transmuter)              Turns: 1731, Time: 00:02:37

Health: -2/28      AC:  1    Str:  9    XL:     4   Next: 68%
Magic:  7/7        EV: 13    Int: 15    God:
Gold:   29         SH:  0    Dex: 13    Spells: 6/7 levels left

rFire    . . .     SeeInvis .   e - +1 whip (distort)
rCold    . . .     Gourm    .   (no shield)
rNeg     . . .     Faith    .   (helmet restricted)
rPois    .         Spirit   .   (no amulet)
rElec    .         Reflect  .   (no ring)
rCorr    .         Harm     .   (no ring)
MR       .....                  (no ring)
Stlth    +++.......             (no ring)
HPRegen  0.09/turn              (no ring)
MPRegen  0.10/turn              (no ring)
                                (no ring)
                                (no ring)

@: no status effects
A: almost no armour, stealthy swim, amphibious, 8 rings, constrict 8, camouflage
1, gelatinous body 1
a: no special abilities


You were on level 2 of the Dungeon.
You were hungry.

You visited 1 branch of the dungeon, and saw 2 of its levels.

You collected 29 gold pieces.

Inventory:

Hand Weapons
 e - a +1 whip of distortion (weapon)
Missiles
 a - 34 arrows
Scrolls
 f - 2 scrolls of identify {unknown}
 h - a scroll of enchant armour {unknown}
 i - a scroll of teleportation {unknown}
Potions
 b - a potion of haste {unknown}
 g - a potion of curing {unknown}
 j - a potion of mutation {unknown}
Comestibles
 c - 2 rations
 d - a chunk of flesh


   Skills:
 - Level 1.0 Fighting
 - Level 0.5 Maces & Flails
 + Level 2.2 Dodging
 - Level 1.6 Stealth
 + Level 4.5 Unarmed Combat
 - Level 2.0 Spellcasting
 + Level 2.6 Transmutations


You had 6 spell levels left.
You knew the following spells:

 Your Spells              Type           Power        Failure   Level  Hunger
a - Beastly Appendage     Tmut           #.....       8%          1    #......

Your spell library contained the following spells:

 Spells                   Type           Power        Failure   Level  Hunger
 Sticks to Snakes         Tmut           #.......     12%         2    ###....
 Spider Form              Tmut/Pois      #.........   36%         3    ###....
 Ice Form                 Ice/Tmut       #.......     78%         4    #####..
 Blade Hands              Tmut           #.........   91%         5    ######.


Dungeon Overview and Level Annotations

Branches:
Dungeon (2/15)

Altars:


Innate Abilities, Weirdness & Mutations

You cannot wear most types of armour.
You are very stealthy in the water. (Stealth+)
You are amphibious.
You can wear up to eight rings at the same time.
You can use your tentacles to constrict eight enemies at once.
Your skin changes colour to match your surroundings (Stealth+).
Your rubbery body absorbs attacks. (AC +1, EV +1)


Message History

You start resting.
An orc priest comes into view.
An orc priest is nearby!
You are feeling hungry.
The orc priest invokes the aid of Beogh against you.
Beogh smites you!
* * * LOW HITPOINT WARNING * * *
The orc shouts!
Things that are here:
a +0 hand axe; a +0 leather armour You barely miss the orc priest.
You grab the orc priest. You squeeze the orc priest.
The orc priest is lightly wounded.
You constrict the orc priest. The orc priest barely misses you.
You completely miss the orc priest. You squeeze the orc priest.
The orc priest is moderately wounded.
You constrict the orc priest.
The orc priest calls down the wrath of Beogh upon you.
Beogh smites you!
You die...

#..#...o...# #..#.......#
#..#.......# #..#.≈...≈.#
#..#..o....# #w.........
#.$.......## #.#######.o#
#####..## ####@####
#.......# #.....|.#
#.......# #.......#
#.......# #.......#
#.......# #.......#
#.......# #.......#
#..(....# #.......########
#.......# #....>..)......#
#.......###.......#####.##


You could see an orc priest and an orc.

Vanquished Creatures
  An orc priest (D:2)
  An orc wizard (D:2)
  2 dart slugs
  2 orcs (D:2)
  3 bats (D:1)
  A giant cockroach (D:1)
  4 goblins (D:1)
  2 hobgoblins (D:1)
  4 jackals (D:1)
  5 kobolds
  A frilled lizard (D:1)
26 creatures vanquished.

Vanquished Creatures (others)
  An adder (D:2)
1 creature vanquished.

Grand Total: 27 creatures vanquished

Notes
Turn   | Place    | Note
-------+----------+-------------------------------------------
     0 | D:1      | dorian the Octopode Transmuter began the quest for the Orb.
     0 | D:1      | Reached XP level 1. HP: 13/13 MP: 3/3
   144 | D:1      | Reached XP level 2. HP: 12/18 MP: 5/5
   716 | D:1      | Reached XP level 3. HP: 18/23 MP: 6/6
   980 | D:1      | Reached skill level 4 in Unarmed Combat
  1520 | D:2      | Reached skill level 1 in Stealth
  1520 | D:2      | Reached XP level 4. HP: 12/28 MP: 7/7
  1731 | D:2      | Killed from afar by an orc priest

Illustrated notes

Levels and vault maps discovered:
D:1:      roderic_octagonal_star, layout_loops_ring, st_stairs_10,
          kennysheep_decorative_pillar
D:2:      cheibrodos_pilgrimage, layout_basic, minmay_misc_feat_alley

Skill      XL: |  1  2  3 |
---------------+----------+-----
Unarmed Combat | 4 |  4.5
Stealth        | 1 |  1.6
Fighting       | |  1.0
Maces & Flails | |  0.5
Dodging        | |  2.2
Spellcasting   | |  2.0
Transmutations | |  2.6

Action                   |  1- 3 |  4- 6 || total
-------------------------+-------+-------++-------
Melee: Unarmed           |    49 |       ||    49
       Constrict         |    17 |     3 ||    20
       Tentacles         |    11 |     2 ||    13
       Whip              |    16 |     8 ||    24
 Stab: Sleeping          |     4 |       ||     4
  Eat: Chunk             |     1 |     1 ||     2
Armor: Skin              |     6 |       ||     6
Dodge: Dodged            |    33 |     2 ||    35
